 Dungeon Crawl Stone Soup version 0.30-a0-743-gbfdf073431 (webtiles) character file.

Game seed: 16474047773169534007

807 sircluck the Covert (level 7, -6/52 HPs)
             Began as a Demonspawn Brigand on Feb 6, 2023.
             Mangled by Duvessa
             ... wielding a +0 short sword
              (13 damage)
             ... on level 5 of the Dungeon.
             The game lasted 00:15:46 (5846 turns).

sircluck the Covert (Demonspawn Brigand)            Turns: 5846, Time: 00:15:47

Health: -6/52      AC: 12    Str: 18    XL:     7   Next: 60%
Magic:  7/7        EV: 12    Int: 12    God:
Gold:   263        SH:  4    Dex: 16    Spells: 6/6 levels left

rFire   . . .      SeeInvis .    a - +3 dagger (protect)
rCold   . . .      Faith    .    (no shield)
rNeg    . . .      Spirit   .    b - +1 robe
rPois   .          Reflect  .    (helmet restricted)
rElec   .          Harm     .    c - +0 cloak
rCorr   .          Rampage  .    g - +0 pair of gloves
Will    .....                    (no boots)
Stlth   +++++                    (no amulet)
HPRegen 0.28/turn                j - +6 ring of strength
MPRegen 0.10/turn                (no ring)

@: about to teleport, under a protective aura, hasted, very quick
A: antennae 1, powered by pain 1, condensation shield
a: no special abilities


You were on level 5 of the Dungeon.
You visited 1 branch of the dungeon, and saw 5 of its levels.
You also visited: Ossuary.

You collected 263 gold pieces.

Inventory:

Hand Weapons
 a - a +3 dagger of protection (weapon)
Missiles
 d - 8 poisoned darts (quivered)
 e - 3 curare-tipped darts
 h - 78 stones
 n - 6 boomerangs
Armour
 b - a +1 robe (worn)
 c - a +0 cloak (worn)
 g - a +0 pair of gloves (worn)
 v - a +0 pair of gloves
Magical Staves
 f - a staff of air
Jewellery
 j - a +6 ring of strength (left hand)
 y - a +6 ring of dexterity
Scrolls
 i - a scroll of identify
 k - 2 scrolls of teleportation
 l - a scroll of magic mapping
 q - 2 scrolls of amnesia
 A - a scroll of fog {unknown}
 B - a scroll of poison {unknown}
Potions
 m - a potion of lignification {unknown}
 o - a potion of invisibility {unknown}
 p - a potion of brilliance
 t - 5 potions of curing {unknown}
 z - 2 potions of berserk rage {unknown}
 C - a potion of resistance {unknown}


   Skills:
 + Level 3.4 Fighting
 + Level 4.1 Short Blades
 + Level 1.8 Throwing
 + Level 2.4 Dodging
 + Level 10.5 Stealth
 + Level 0.7 Shields


You had 6 spell levels left.
You didn't know any spells.
Your spell library contained the following spells:

 Spells                   Type           Power      Damage    Failure   Level
 Freeze                   Ice            0%         1d3       32%         1
 Kiss of Death            Conj/Necr      0%         2d5       32%         1
 Blink                    Tloc           0%         N/A       45%         2
 Confusing Touch          Hex            0%         N/A       69%         3
 Frozen Ramparts          Ice            0%         1d1       69%         3
 Hailstorm                Conj/Ice       0%         3d3       69%         3
 Animate Dead             Necr           0%         N/A       97%         4
 Dispel Undead            Necr           0%         3d6       97%         4
 Manifold Assault         Tloc           0%         N/A       97%         4
 Borgnjor's Vile Clutch   Necr/Erth      0%         N/A       100%        5
 Death Channel            Necr           0%         N/A       100%        6
 Storm Form               Tmut/Air       0%         N/A       100%        7


Dungeon Overview and Level Annotations

Branches:
Dungeon (5/15)            Ossuary (visited)
 Temple: D:4-7

Altars:
Ashenzari
Cheibriados
Makhleb
Nemelex Xobeh
Okawaru
Trog
Wu Jian

Shops:
D:2 (

Annotations:
D:5 Duvessa, Sigmund


Innate Abilities, Weirdness & Mutations

You have a pair of small antennae on your head.
You sometimes gain a little power by taking damage.
A meltable shield of frost defends you. (SH +4)


Message History

Done exploring.
There is a stone staircase leading down here.
You climb downwards.
There is a stone staircase leading up here.
Found 5 silver javelins.
The helpless Dowan fails to defend himself.
You spit Dowan like a pig!!!
Your weapon exudes an aura of protection.
You kill Dowan!
You hear a distant scream of rage.
No target in view!
Duvessa, Sister of Dowan comes into view.
She is wielding a +0 short sword and wearing a +2 leather armour of positive energy.
Duvessa goes berserk!
Duvessa hits you with a +0 short sword!
You hear a shout!
You hit Duvessa.
Duvessa is lightly wounded.
Duvessa hits you with a +0 short sword.
You barely miss Duvessa.
Duvessa is lightly wounded.
Duvessa hits you with a +0 short sword.
You hit Duvessa but do no damage.
Duvessa is lightly wounded.
Duvessa hits you with a +0 short sword!
You hit Duvessa but do no damage.
Duvessa is lightly wounded.
Duvessa hits you with a +0 short sword! You block Duvessa's attack.
You hit Duvessa.
Duvessa is lightly wounded.
Duvessa hits you but does no damage.
You hit Duvessa but do no damage.
Duvessa is lightly wounded.
Sigmund the Dreaded comes into view.
He is wielding a +0 scythe.
Duvessa barely misses you.
You feel yourself speed up. Duvessa hits you with a +0 short sword.
Sigmund barely misses you.
As you read the scroll of teleportation, it crumbles to dust.
You feel strangely unstable. Duvessa hits you with a +0 short sword!
* * * LOW HITPOINT WARNING * * *
Duvessa hits you with a +0 short sword!
You die...

####
@(#
###e#
#<@.#
{#####


You could see Duvessa (berserk).

Vanquished Creatures
  A phantom (D:4)
  A scorpion (D:4)
  A wight (D:3)
  Dowan (D:5)
  An orc priest (D:4)
  A jelly (D:4)
  2 hounds (D:4)
  6 orc wizards (D:4)
  2 iguanas (D:4)
  3 mummies (Ossuary)
  4 adders
  4 gnolls (D:3)
  2 ufetubi
  An adder zombie (Ossuary)
  2 worms
  5 dart slugs
  3 orcs (D:4)
  3 bats
  13 endoplasms
  3 giant cockroaches
  5 goblins
  7 hobgoblins
  5 quokkas
  4 ball pythons
  A frilled lizard (D:2)
  3 goblin zombies
  4 hobgoblin zombies (Ossuary)
  5 kobolds
  2 kobold zombies (Ossuary)
  3 quokka zombies
  4 rats
  7 rat zombies (Ossuary)
109 creatures vanquished.

Vanquished Creatures (others)
  An orc wizard (D:4)
1 creature vanquished.

Grand Total: 110 creatures vanquished

Notes
Turn   | Place    | Note
-------+----------+-------------------------------------------
     0 | D:1      | sircluck the Demonspawn Brigand began the quest for the
                  | Orb.
     0 | D:1      | Reached XP level 1. HP: 16/16 MP: 1/1
   184 | D:1      | Reached skill level 4 in Stealth
   184 | D:1      | Gained mutation: You have a pair of small antennae on your
                  | head. [demonic ancestry]
   184 | D:1      | Reached XP level 2. HP: 9/22 MP: 2/2
   522 | D:2      | Reached skill level 10 in Stealth
   522 | D:2      | Reached XP level 3. HP: 27/27 MP: 3/3
   776 | D:2      | Found Ohaunoig's Weapon Emporium.
  1002 | D:3      | Reached XP level 4. HP: 17/33 MP: 4/4
  1280 | D:3      | Reached skill level 1 in Dodging
  2600 | D:3      | Found a snail-covered altar of Cheibriados.
  2602 | D:3      | Found a bloodstained altar of Trog.
  2602 | D:3      | Found an iron altar of Okawaru.
  2602 | D:3      | Found a sparkling altar of Nemelex Xobeh.
  2676 | D:3      | Found a broken altar of Ashenzari.
  2676 | D:3      | Found a burning altar of Makhleb.
  2795 | D:3      | Gained mutation: A meltable shield of frost defends you.
                  | (SH +4) [demonic ancestry]
  2795 | D:3      | Reached XP level 5. HP: 20/34 MP: 5/5
  4192 | D:4      | Noticed a phantom
  4223 | D:4      | Killed a phantom
  4224 | D:4      | Reached XP level 6. HP: 34/41 MP: 6/6
  4303 | D:4      | Found a sand-covered staircase.
  4311 | Ossuary  | Entered an ossuary
  5084 | D:4      | Gained mutation: You sometimes gain a little power by
                  | taking damage. [demonic ancestry]
  5084 | D:4      | Reached XP level 7. HP: 46/51 MP: 7/7
  5284 | D:4      | Found an ornate altar of the Wu Jian Council.
  5834 | D:5      | Entered Level 5 of the Dungeon
  5834 | D:5      | Noticed Dowan
  5836 | D:5      | Killed Dowan
  5837 | D:5      | Noticed Duvessa
  5843 | D:5      | Noticed Sigmund
  5846 | D:5      | Mangled by Duvessa

Illustrated notes

Levels and vault maps discovered:
D:1:      minmay_arrival_checkered_box, layout_rooms, minmay_domino_2
D:2:      layout_rooms, serial_shops, nicolae_shop_stone, dk_vineyard_2
D:3:      layout_basic, grunt_temple_overflow_open, kennysheep_generic_room_16
D:4:      minmay_diamond_boxcup, layout_basic, nzn_wu_jian_contemplation,
          enter_ossuary_4, minmay_a_box_with_orc_wizards_in_it
D:5:      layout_basic, minmay_temple_entry_poolview, serial_shops, shop,
          nrook_mini_backslash, uniq_sigmund, uniq_duvessa, uniq_ijyb,
          uniq_eustachio

Skill      XL: |  1  2  3  4  5  6  7 |
---------------+----------------------+-----
Stealth        | 4 10 | 10.5
Short Blades   | 2 3 4 |  4.1
Dodging        | 1 2 |  2.4
Fighting       | 3 |  3.4
Throwing       | |  1.8
Shields        | |  0.7

Action                     |  1- 3 |  4- 6 |  7- 9 || total
---------------------------+-------+-------+-------++-------
  Melee: Dagger            |    80 |   344 |    86 ||   510
         Punch             |     1 |     3 |       ||     4
  Throw: Dart              |     4 |     3 |       ||     7
    Use: Potion            |     3 |     5 |     1 ||     9
         Scroll            |     2 |    10 |     1 ||    13
   Stab: Sleeping          |    11 |    11 |    14 ||    36
         Distracted        |       |     1 |       ||     1
 Armour: Robe              |    30 |   113 |    22 ||   165
  Dodge: Dodged            |    54 |   135 |    31 ||   220
  Block: Other             |       |    41 |     7 ||    48

Table legend: (Time is in decaauts)
 A = Elapsed time spent in this place.
 B = Non-inter-level travel time spent in this place.
 C = Inter-level travel time spent in this place.
 D = Time resting spent in this place.
 E = Time spent auto-exploring this place.
 F = Levels seen in this place.
 G = Mean time per level.
                   A        B        C        D        E       F      G
               +--------+--------+--------+--------+--------+-----+--------+
         Total |   5735 |   5594 |    141 |   2296 |   1806 |   6 |  955.8 |
       Dungeon |   5419 |   5278 |    141 |   2222 |   1806 |   5 | 1083.8 |
       Ossuary |    316 |    316 |      0 |     74 |      0 |   1 |  316.0 |
               +--------+--------+--------+--------+--------+-----+--------+

Top non-repeatable levels by time:
     D:3: 3208 daAuts
     D:4: 1306 daAuts
     D:1: 470 daAuts
     D:2: 423 daAuts
 Ossuary: 316 daAuts
     D:5: 9 daAuts
